 Dungeon Crawl Stone Soup version 0.29.1-15-g9cfb28693d (webtiles) character file.

Game seed: 17432342619995409578

511 ThatPearl the Vexing (level 6, -3/36 HPs)
             Began as a Deep Elf Arcane Marksman on Mar 11, 2023.
             Killed by divine providence
             ... invoked by an orc priest
              (9 damage)
             ... on level 4 of the Dungeon.
             The game lasted 00:17:26 (5187 turns).

ThatPearl the Vexing (Deep Elf Arcane Marksman)     Turns: 5187, Time: 00:17:27

Health: -3/36      AC:  7    Str:  7    XL:     6   Next: 99%
Magic:  13/14      EV: 12    Int: 20    God:
Gold:   184        SH:  0    Dex: 15    Spells: 5/13 levels left

rFire   . . .      SeeInvis .   a - +1 sling
rCold   . . .      Faith    .   (no shield)
rNeg    . . .      Spirit   .   c - +0 robe
rPois   +          Reflect  .   y - +0 helmet
rElec   .          Harm     .   (no cloak)
rCorr   .          Rampage  .   (no gloves)
Will    .....                   (no boots)
Stlth   ++........              (no amulet)
HPRegen 0.12/turn               e - ring of poison resistance
MPRegen 0.14/turn               g - +4 ring of protection

@: no status effects
A: no striking features
a: no special abilities


You were on level 4 of the Dungeon.
You visited 1 branch of the dungeon, and saw 6 of its levels.

You collected 184 gold pieces.

Inventory:

Hand Weapons
 a - a +1 sling (weapon)
 i - a +1 vampiric whip
 o - a +0 trident
 D - a +3 trident
Missiles
 B - a throwing net
Armour
 c - a +0 robe (worn)
 y - a +0 helmet (worn)
Magical Staves
 f - a staff of fire
Jewellery
 e - a ring of poison resistance (left hand)
 g - a +4 ring of protection (right hand)
 q - the ring of the Prince {rPois rF+ rN+++ Str-3 Int-5}
   (You found it on level 2 of the Dungeon)

   [ring of protection from fire]

   Str:       It affects your strength (-3).
   Int:       It affects your intelligence (-5).
   rF:        It protects you from fire.
   rPois:     It protects you from poison.
   rN:        It renders you almost immune to negative energy.
Wands
 d - a wand of digging (3)
 C - a wand of flame (5)
Scrolls
 b - 2 scrolls of poison
 j - a scroll of amnesia {unknown}
 k - a scroll of blinking {unknown}
 n - 3 scrolls of immolation
 s - a scroll of magic mapping {unknown}
 t - 3 scrolls of vulnerability
 w - a scroll of summoning
Potions
 h - 2 potions of magic
 l - 4 potions of heal wounds
 m - 2 potions of haste {unknown}
 p - a potion of resistance {unknown}
 r - a potion of might {unknown}
 u - a potion of ambrosia {unknown}
 v - a potion of flight {unknown}
 x - a potion of mutation {unknown}
 z - a potion of cancellation {unknown}
 A - a potion of attraction {unknown}


   Skills:
 + Level 2.8 Fighting
 + Level 5.3 Ranged Weapons
 - Level 2.4 Dodging
 - Level 3.1 Stealth
 + Level 4.4 Spellcasting
 + Level 6.0 Hexes


You had 5 spell levels left.
You knew the following spells:

 Your Spells              Type           Power      Damage    Failure   Level
f - Cause Fear            Hex            14%        N/A       10%         4
p - Portal Projectile     Hex/Tloc       32%        N/A       11%         3
s - Slow                  Hex            100%       N/A       1%          1

Your spell library contained the following spells:

 Spells                   Type           Power      Damage    Failure   Level
 Inner Flame              Hex/Fire       16%        N/A       11%         3
 Summon Mana Viper        Hex/Summ       16%        N/A       69%         5
 Summon Ice Beast         Ice/Summ       4%         N/A       77%         4
 Monstrous Menagerie      Summ           2%         N/A       100%        7


Dungeon Overview and Level Annotations

Branches:
Dungeon (6/15)
 Temple: D:4-7

Altars:
Dithmenos
Elyvilon
Hepliaklqana
Kikubaaqudgha
Nemelex Xobeh

Shops:
D:1 [

Annotations:
D:6 Dowan, Duvessa


Message History

The orc misses you. The orc priest hits you with a +0 whip.
* * * LOW HITPOINT WARNING * * *
Casting: Slow (safe; 1% risk of failure)
Confirm with . or Enter, or press ? or * to list all spells.
Aiming: Slow (safe; 1% risk of failure)
Press: ? - help, Shift-Dir - straight line, f/p - orc priest
Aim: an orc priest, wielding a +0 whip and wearing a +0 chain mail (almost dead, chance to affect: 64%)
The orc priest seems to slow down.
The orc hits you but does no damage. The orc priest closely misses you.
Fire: a) +1 sling
Press: ? - help, Q - select action, (/) - cycle Shift-Dir - straight line, f/p - orc priest
Aim: an orc priest, wielding a +0 whip and wearing a +0 chain mail (almost dead, slow, 68% to hit)
You shoot a sling bullet.
The sling bullet hits the orc priest but does no damage.
The orc priest is almost dead.
The orc misses you. The orc priest hits you with a +0 whip.
* * * LOW HITPOINT WARNING * * *
Fire: a) +1 sling
Press: ? - help, Q - select action, (/) - cycle Shift-Dir - straight line, f/p - orc priest
Aim: an orc priest, wielding a +0 whip and wearing a +0 chain mail (almost dead, slow, 68% to hit)
You shoot a sling bullet.
The sling bullet hits the orc priest but does no damage.
The orc priest is almost dead.
The orc barely misses you.
The orc priest hits you but does no damage.
Fire: a) +1 sling
Press: ? - help, Q - select action, (/) - cycle Shift-Dir - straight line, f/p - orc priest
Aim: an orc priest, wielding a +0 whip and wearing a +0 chain mail (almost dead, slow, 68% to hit)
You shoot a sling bullet.
The sling bullet hits the orc priest but does no damage.
The orc priest is almost dead.
The orc hits you but does no damage. The orc closely misses you.
Fire: a) +1 sling
Press: ? - help, Q - select action, (/) - cycle Shift-Dir - straight line, f/p - orc priest
Aim: an orc priest, wielding a +0 whip and wearing a +0 chain mail (almost dead, slow, 68% to hit)
You shoot a sling bullet.
The sling bullet barely misses the orc priest.
The orc priest invokes the aid of Beogh against you.
Beogh smites you!
You die...

......##
##.......##
#..## ####.##
##.....##
#.##### #.#
##...## #.....#
#.# ##'##
#####.# #.# #.#
#.# ####.###
######.########
#.# #......#
#.............#
#.# #.##.#.#
#.###.oo#####.#
#.# #.##.#.#
#.##...@†# #.#
#.# #.##.#.#
#.###...##
#.#####.#
#.##.#.###.#
##.## #.......#
#.##.......#
### #########
#.####.#####
#.####.#
#......#
########


You could see an orc priest (slow) and an orc.

Vanquished Creatures
  A water moccasin (D:5)
  Blork the orc (D:4)
  A scorpion (D:4)
  3 hounds
  6 gnolls
  5 adders
  An ufetubus (D:4)
  10 dart slugs
  2 orcs
  8 ball pythons
  7 endoplasms
  2 giant cockroaches
  3 hobgoblins
  5 kobolds
  4 quokkas
  3 bats
  3 frilled lizards
  7 goblins
  2 rats (D:3)
74 creatures vanquished.

Vanquished Creatures (others)
  A hobgoblin (D:3)
1 creature vanquished.

Grand Total: 75 creatures vanquished

Notes
Turn   | Place    | Note
-------+----------+-------------------------------------------
     0 | D:1      | ThatPearl the Deep Elf Arcane Marksman began the quest for
                  | the Orb.
     0 | D:1      | Reached XP level 1. HP: 11/11 MP: 5/5
   258 | D:1      | Found Hoxkac's Armour Boutique.
   432 | D:1      | Reached skill level 1 in Fighting
   762 | D:1      | Reached XP level 2. HP: 16/16 MP: 6/6
  1359 | D:2      | Identified the ring of the Prince {rPois rF+ rN+++ Str-3
                  | Int-5}
  1536 | D:2      | Reached XP level 3. HP: 20/20 MP: 8/8
  1714 | D:3      | Found an ancient bone altar of Kikubaaqudgha.
  1797 | D:3      | Found a faded altar of an unknown god.
  1825 | D:3      | Reached skill level 1 in Stealth
  1851 | D:3      | Reached XP level 4. HP: 24/25 MP: 9/9
  1999 | D:3      | Found a hazy altar of Hepliaklqana.
  1999 | D:3      | Found a shadowy altar of Dithmenos.
  2001 | D:3      | Noticed a shadow
  2413 | D:4      | Found a white marble altar of Elyvilon.
  2698 | D:4      | Noticed a scorpion
  2732 | D:4      | Reached skill level 5 in Hexes
  2732 | D:4      | Reached XP level 5. HP: 23/30 MP: 11/11
  2744 | D:4      | Learned a level 4 spell: Cause Fear
  3318 | D:4      | Learned a level 3 spell: Portal Projectile
  3352 | D:4      | Found a sparkling altar of Nemelex Xobeh.
  3555 | D:4      | Noticed Blork the orc
  3576 | D:4      | Killed Blork the orc
  3577 | D:4      | Reached XP level 6. HP: 35/35 MP: 13/13
  4440 | D:5      | Entered Level 5 of the Dungeon
  4440 | D:5      | Noticed an ice beast
  4505 | D:5      | Noticed a water moccasin
  4534 | D:5      | Killed a water moccasin
  4535 | D:5      | Reached skill level 5 in Ranged Weapons
  4535 | D:5      | Reached skill level 6 in Hexes
  4639 | D:5      | Found the +7 Throatcutter {drain, coup de grace}
  4863 | D:6      | Noticed Dowan
  4863 | D:6      | Noticed Duvessa
  5187 | D:4      | Killed from afar by an orc priest

Illustrated notes

Levels and vault maps discovered:
D:1:      lightli_arrival_quake, layout_loops_ring, serial_shops,
          nicolae_shop_statue_plus
D:2:      layout_loops_ring
D:3:      kennysheep_slugbush, layout_loops_cross,
          riverfiend_overflow_shadow_ancestor,
          nicolae_kikubaaqudgha_miasma_corner, chequers_ecumenical_altar_simple,
          minmay_strange_pillars
D:4:      layout_loops_corners, mainiacjoe_overflow_paths,
          mainiacjoe_overflow_catwalk, minivault_11, cheibrodos_gnoll_hut,
          uniq_blork_the_orc
D:5:      kennysheep_kobold_camp, layout_layer_cave,
          eat_drink_and_be_merry_uskayaw, nzn_wu_jian_contemplation,
          mainiacjoe_overflow_surrounded_room, dilly_guarded_unrand_throatcut
D:6:      layout_layer_cave, uniq_duvessa

Skill      XL: |  1  2  3  4  5  6 |
---------------+-------------------+-----
Fighting       | 1 2 |  2.8
Ranged Weapons | 3 4 5 |  5.3
Spellcasting   | 2 3 4 |  4.4
Stealth        | 1 2 3 |  3.1
Hexes          | 5 6 |  6.0
Dodging        | |  2.4

Action                   |  1- 3 |  4- 6 || total
-------------------------+-------+-------++-------
 Fire: Sling             |   109 |   265 ||   374
 Cast: Slow              |     7 |    21 ||    28
       Cause Fear        |       |     4 ||     4
  Use: Scroll            |       |     5 ||     5
       Potion            |       |     1 ||     1
Armor: Robe              |    15 |    67 ||    82
Dodge: Dodged            |    29 |   119 ||   148
